 Dungeon Crawl Stone Soup version 0.16.1-7-g2c6721e (webtiles) character file.

367 Sachiko the Ruffian (level 6, -1/62 HPs)
             Began as a Troll Monk on Mar 29, 2015.
             Succumbed to a gnoll's poison
             ... on level 4 of the Dungeon.
             The game lasted 00:08:18 (2227 turns).

Sachiko the Ruffian (Troll Monk)                    Turns: 2227, Time: 00:08:18

Health: -1/62      AC:  3    Str: 22    XL:     6   Next: 41%
Magic:  3/3        EV: 11    Int: 11    God:
Gold:   173        SH:  0    Dex: 12    Spells: 0 memorised, 5 levels left

rFire  . . .     SeeInvis .       - Unarmed
rCold  . . .     Clarity  .     a - +0 robe
rNeg   . . .     SustAb   .     (shield restricted)
rPois  .         Gourm    +     (helmet restricted)
rElec  .         Spirit   .     (no cloak)
rCorr  .         Warding  .     (gloves unavailable)
rMut   .         Stasis   .     (boots unavailable)
MR     .....                    (no amulet)
Stlth  +.........               m - +3 ring of slaying
                                e - -2 ring of protection (curse)

@: brilliant, lethally poisoned (-1 -> -19), not resistant to hostile
enchantments, very unstealthy
A: unfitting armour, claws 3, fast metabolism 3, gourmand, regeneration 2,
shaggy fur 1, tough skin 2
a: no special abilities


You were on level 4 of the Dungeon.
You were not hungry.

You visited 1 branch of the dungeon, and saw 4 of its levels.

You collected 173 gold pieces.

Inventory:

Armour
 a - a +0 robe (worn)
Jewellery
 e - a cursed -2 ring of protection (left claw)
 m - a +3 ring of slaying (right claw)
 u - an uncursed ring of see invisible {unknown}
Scrolls
 i - 3 scrolls of recharging
 j - a scroll of random uselessness
 q - a scroll of immolation
 r - a scroll of identify
 t - a scroll of enchant weapon
Potions
 d - 2 potions of invisibility
 g - a potion of brilliance
 l - a potion of restore abilities {unknown}
 o - a potion of lignification
 p - a potion of ambrosia {unknown}
Comestibles
 b - 4 meat rations
 c - 2 slices of pizza
 f - 2 bread rations
 k - 2 fruits
 n - a royal jelly


   Skills:
 + Level 3.8 Fighting
 + Level 4.0 Dodging
 - Level 1.1 Stealth
 + Level 5.6 Unarmed Combat


You had 5 spell levels left.
You didn't know any spells.

Dungeon Overview and Level Annotations

Branches:
Dungeon (4/15)
 Temple: D:4-7

Altars:
Fedhas
Nemelex Xobeh
Vehumet
Zin


Innate Abilities, Weirdness & Mutations

You are too large for most types of armour.
You have claws for hands.
Your metabolism is lightning-fast.
You like to eat raw meat.
You heal very quickly.
You are covered in fur (AC +1).
You have very tough skin (AC +2).


Message History

The bat completely misses you. The bat hits you but does no damage.
You see here a club.
You scratch the bat!
You kill the bat!
* * * LOW HITPOINT WARNING * * *
You feel very sick.
* * * LOW HITPOINT WARNING * * *
You feel very sick. The gnoll closely misses you.
The gnoll hits you from afar with a spear of venom!
* * * LOW HITPOINT WARNING * * *
You see here a bat corpse.
Read which item? (? for menu, Esc to quit)
Okay, then.
Drink which item? (? for menu, Esc to quit)
It was a potion of brilliance.
You feel clever all of a sudden.
* * * LOW HITPOINT WARNING * * *
You feel sick. The gnoll misses you. The gnoll barely misses you.
You die...

..................##...#
.......##.........##...#
.......##.........##...#
.......#######....##...#
.....### #....##...#
.....#
####....##...###...
.....#
#......)gg.........
.....#
#......†##...####..
.....# #.....@...####
.....## #...#####.#
......# #...# #.#######
......# ##### #.#.....#
......#########
#...#.#.##
......##......#
#........#..
......##.####.#
###.#.#.....# #####....#
#.# #......#.. ######
#.# ##)###.#


You could see 2 gnolls.

Vanquished Creatures
  An ogre (D:4)
  The ghost of Fv001 the Conjurer, an average DsCj (D:3)
  A centaur skeleton (D:4)
  A gnoll shaman (D:4)
  A hound (D:4)
  3 adders
  2 gnolls (D:4)
  3 worms
  3 giant geckos
  2 oozes (D:1)
  2 orcs (D:3)
  3 giant cockroaches
  10 goblins
  8 hobgoblins
  2 quokkas
  A ball python (D:1)
  4 bats
  A giant newt (D:1)
  6 kobolds
  4 rats
59 creatures vanquished.

Notes
Turn   | Place    | Note
--------------------------------------------------------------
     0 | D:1      | Sachiko, the Troll Monk, began the quest for the Orb.
     0 | D:1      | Reached XP level 1. HP: 22/22 MP: 1/1
   361 | D:1      | Reached XP level 2. HP: 25/29 MP: 1/1
   790 | D:2      | Found a radiant altar of Vehumet.
   928 | D:2      | Reached XP level 3. HP: 29/36 MP: 2/2
   966 | D:2      | You fall through a shaft for 2 floors!
   991 | D:4      | Reached XP level 4. HP: 29/45 MP: 2/2
  1270 | D:2      | Found a blossoming altar of Fedhas.
  1821 | D:3      | Reached skill level 5 in Unarmed Combat
  1853 | D:3      | Noticed Fv001's ghost (average DsCj)
  1859 | D:3      | Killed Fv001's ghost
  1859 | D:3      | Reached XP level 5. HP: 27/53 MP: 2/2
  1944 | D:3      | Found a sparkling altar of Nemelex Xobeh.
  2032 | D:3      | Found a glowing silver altar of Zin.
  2125 | D:4      | Noticed an ogre
  2134 | D:4      | Killed an ogre
  2134 | D:4      | Reached XP level 6. HP: 27/62 MP: 3/3
  2217 | D:4      | HP: 1/62 [gnoll/club (4)]
  2225 | D:4      | HP: 3/62 [gnoll/spear of venom (8)]
  2226 | D:4      | HP: 1/62 [poisoned by a gnoll]
  2227 | D:4      | Succumbed to a gnoll's poison

Action                   |  1- 3 |  4- 6 || total
-------------------------+-------+-------++-------
Melee: Unarmed           |    59 |    88 ||   147
  Use: Scroll            |     7 |     4 ||    11
       Potion            |     2 |     3 ||     5
 Stab: Sleeping          |     2 |       ||     2
       Distracted        |     1 |       ||     1
  Eat: Chunk             |    14 |     7 ||    21
